 Dungeon Crawl Stone Soup version 0.19-a0-458-gfd99d95 (webtiles) character file.

170 AlphabetPasta the Bolt Thrower (level 5, -1/32 HPs)
             Began as a Kobold Hunter on June 2, 2016.
             Was an Initiate of Fedhas.
             Slain by Arglure's ghost (9 damage)
             ... in a sewer.
             The game lasted 00:13:35 (2032 turns).

AlphabetPasta the Bolt Thrower (Kobold Hunter)      Turns: 2032, Time: 00:13:36

Health: -1/32      AC:  3    Str: 10    XL:     5   Next: 80%
Magic:  5/5        EV: 16    Int:  9    God:    Fedhas [......]
Gold:   87         SH:  0    Dex: 18    Spells: 0 memorised, 4 levels left

rFire  . . .     SeeInvis .     a - +2 hand crossbow
rCold  . . .     Gourm    .     c - +0 leather armour
rNeg   . . .     Faith    .     (shield restricted)
rPois  .         Spirit   .     (no helmet)
rElec  .         Dismiss  .     (no cloak)
rCorr  .         Reflect  .     (no gloves)
SustAt .         Harm     .     (no boots)
MR     .....                    (no amulet)
Stlth  +.........               (no ring)
                                (no ring)

@: confused, not resistant to hostile enchantments, very unstealthy
A: carnivore 3
a: Renounce Religion


You were in a sewer.
You worshipped Fedhas.
Fedhas was noncommittal.
You were completely stuffed.

You visited 1 branch of the dungeon, and saw 3 of its levels.
You also visited: Sewer.

You collected 87 gold pieces.

Inventory:

Hand Weapons
 a - a +2 hand crossbow (weapon)
 b - a +0 whip
 e - a +0 club
 j - a +0 short sword
Missiles
 d - 2 bolts (quivered)
Armour
 c - a +0 leather armour (worn)
Jewellery
 g - a cursed ring of loudness {unknown}
 h - a +6 ring of protection {unknown}
 q - a cursed amulet of inaccuracy {unknown}
Scrolls
 i - a scroll of enchant weapon
Potions
 l - a potion of berserk rage {unknown}
 n - a potion of heal wounds {unknown}
 o - a potion of beneficial mutation {unknown}
 s - 2 potions of lignification
Comestibles
 f - 2 meat rations
 r - a slice of pizza


   Skills:
 + Level 3.3 Fighting
 + Level 1.7 Maces & Flails
 * Level 6.1 Crossbows
 + Level 1.0 Armour
 + Level 3.4 Dodging
 - Level 1.3 Stealth


You had 4 spell levels left.
You didn't know any spells.

Dungeon Overview and Level Annotations

Branches:
Dungeon (3/15)

Altars:
Fedhas
Kikubaaqudgha
The Shining One

Annotations:
Sewer Arglure's ghost, amateur DsSu


Innate Abilities, Weirdness & Mutations

You are small and have problems with some larger weapons.
You are carnivorous and can eat meat at any time.


Message History

Aim: Arglure's ghost (lightly damaged)
You shoot a bolt.
The bolt closely misses Arglure's ghost.
The bolt hits the quokka.
You kill the quokka!
The quokka's corpse disappears in a puff of smoke!
Arglure's ghost misses you.
Firing (i - inventory):
d - 3 bolts (quivered)
Press: ? - help, Shift-Dir - straight line, f/p - Arglure's ghost
Aim: Arglure's ghost (lightly damaged)
You shoot a bolt.
The bolt hits Arglure's ghost but does no damage.
Arglure's ghost is lightly damaged.
Arglure's ghost hits you!
* * * LOW HITPOINT WARNING * * *
It was a potion of ambrosia.
You are confused.
You feel invigorated. Arglure's ghost hits you!
You die...
Fedhas appreciates your contribution to the ecosystem.

. ...
################.....
#..∩.........@Wbr(.((
###########.####.....
#.# ... #.# . #.# #.#
#.# ##.## ##...##


You could see Arglure's ghost, a quokka and a bat.

Vanquished Creatures
  A crocodile (Sewer)
  2 adders
  A river rat (D:3)
  An ooze (D:3)
  2 worms (D:2)
  2 giant geckos (D:2)
  2 giant cockroaches (D:3)
  9 hobgoblins
  10 jackals
  A quokka (D:2)
  11 bats
  2 giant newts
  A goblin (D:1)
  6 kobolds
  6 rats
57 creatures vanquished.

Vanquished Creatures (others)
  3 toadstools (D:3)
3 creatures vanquished.

Grand Total: 60 creatures vanquished

Notes
Turn   | Place    | Note
--------------------------------------------------------------
     0 | D:1      | AlphabetPasta the Kobold Hunter began the quest for the Orb.
     0 | D:1      | Reached XP level 1. HP: 12/12 MP: 1/1
   186 | D:1      | Reached XP level 2. HP: 18/18 MP: 2/2
   406 | D:1      | Reached skill level 5 in Crossbows
   607 | D:1      | Reached XP level 3. HP: 20/22 MP: 3/3
   793 | D:2      | Found a glowing golden altar of the Shining One.
   820 | D:2      | Reached skill level 1 in Maces & Flails
   918 | D:2      | Found a blossoming altar of Fedhas.
   918 | D:2      | Found an ancient bone altar of Kikubaaqudgha.
  1085 | D:2      | Reached XP level 4. HP: 24/27 MP: 4/4
  1713 | D:2      | Became a worshipper of Fedhas Madash
  1831 | D:3      | Found a glowing drain.
  1897 | Sewer    | Entered a sewer
  1945 | Sewer    | Reached XP level 5. HP: 29/32 MP: 5/5
  1980 | Sewer    | Noticed a crocodile
  1986 | Sewer    | Noticed Arglure's ghost (amateur DsSu)
  1990 | Sewer    | Killed a crocodile
  1990 | Sewer    | Reached skill level 6 in Crossbows
  1990 | Sewer    | Reached skill level 1 in Armour
  2032 | Sewer    | Slain by Arglure's ghost

Vault maps used:
D:1:      wheals_arrival_shading
D:2:      grunt_temple_overflow_growth_and_decay, tso_metal_star
D:3:      portal_sewer_entry_a
Sewer:    sewer_big_baddie

Skill      XL: |  1  2  3  4  5 |
---------------+----------------+-----
Crossbows      | 5 6 |  6.1
Maces & Flails | 1 |  1.7
Fighting       | 3 |  3.3
Dodging        | 3 |  3.4
Armour         | 1 |  1.0
Stealth        | |  1.3

Action                   |  1- 3 |  4- 6 || total
-------------------------+-------+-------++-------
Melee: Whip              |    29 |   101 ||   130
 Fire: Hand crossbow     |    67 |    35 ||   102
  Use: Scroll            |       |     6 ||     6
       Potion            |       |     1 ||     1
  Eat: Chunk             |     9 |     3 ||    12
Armor: Leather armour    |     7 |    41 ||    48
Dodge: Dodged            |    45 |   129 ||   174
